Workbook

Sheet Rotas complementares
A1: Lote | B1: Item | C1: Código BBM | D1: Código Próprio | E1: Descrição Produto | F1: Descrição Técnica Produto | G1: Quant. | H1: Descrição unidade | I1: Preço de Referência do km | J1: Valor Total do dia | K1: Valor Total Mês | L1: Valor total
A2: 01 | B2: 1 | C2: 0 | D2: 2202601 | E2: ÔNIBUS, COM MOTORISTA, DOTADO DE TODOS OS EQUIPAMENTOS DE SEGURANÇA OBRIGATÓRIOS POR LEI, DESTINADO AO TRANSPORTE ESCOLAR | F2: Rota Ovelha | G2: 70 | H2: Quilome tro-KM | I2: ='Rota 01'!I134 -> 18.342364 | J2: =I2*G2 -> 1283.9655 | K2: =J2*22 -> 28247.24 | L2: =K2*10 -> 282472.4
A3: 02 | B3: 1 | C3: 0 | D3: 2202602 | E3: ÔNIBUS, COM MOTORISTA, DOTADO DE TODOS OS EQUIPAMENTOS DE SEGURANÇA OBRIGATÓRIOS POR LEI, DESTINADO AO TRANSPORTE ESCOLAR | F3: Rota Bom Gosto | G3: 100 | H3: Quilome tro-KM | I3: ='Rota 02'!I134 -> 14.134841 | J3: =I3*G3 -> 1413.4841 | K3: =J3*22 -> 31096.65 | L3: =K3*10 -> 310966.5
A4: 03 | D4: 2202603 | E4: ÔNIBUS, COM MOTORISTA, DOTADO DE TODOS OS EQUIPAMENTOS DE SEGURANÇA OBRIGATÓRIOS POR LEI, DESTINADO AO TRANSPORTE ESCOLAR | F4: Rota Prata | G4: 70 | H4: Quilome tro-KM | I4: ='Rota 03'!I134 -> 18.342364 | J4: =I4*G4 -> 1283.9655 | K4: =J4*22 -> 28247.24 | L4: =K4*10 -> 282472.4
A5: 04 | D5: 2202604 | E5: ÔNIBUS, COM MOTORISTA, DOTADO DE TODOS OS EQUIPAMENTOS DE SEGURANÇA OBRIGATÓRIOS POR LEI, DESTINADO AO TRANSPORTE ESCOLAR | F5: Rota Motanhas | G5: 80 | H5: Quilome tro-KM | I5: ='Rota 04'!I134 -> 16.589233 | J5: =I5*G5 -> 1327.1386 | K5: =J5*22 -> 29197.05 | L5: =K5*10 -> 291970.5
A6: 05 | D6: 2202605 | E6: ÔNIBUS, COM MOTORISTA, DOTADO DE TODOS OS EQUIPAMENTOS DE SEGURANÇA OBRIGATÓRIOS POR LEI, DESTINADO AO TRANSPORTE ESCOLAR | F6: Centro/Sul | G6: 40 | H6: Quilome tro-KM | I6: ='Rota 05 a 08'!I134 -> 28.86117 | J6: =I6*G6 -> 1154.4468 | K6: =J6*22 -> 25397.83 | L6: =K6*10 -> 253978.3
A7: 06 | D7: 2202606 | E7: ÔNIBUS, COM MOTORISTA, DOTADO DE TODOS OS EQUIPAMENTOS DE SEGURANÇA OBRIGATÓRIOS POR LEI, DESTINADO AO TRANSPORTE ESCOLAR | F7: Centor/Norte | G7: 40 | H7: Quilome tro-KM | I7: ='Rota 05 a 08'!I134 -> 28.86117 | J7: =I7*G7 -> 1154.4468 | K7: =J7*22 -> 25397.83 | L7: =K7*10 -> 253978.3
A8: 07 | D8: 2202607 | E8: ÔNIBUS, COM MOTORISTA, DOTADO DE TODOS OS EQUIPAMENTOS DE SEGURANÇA OBRIGATÓRIOS POR LEI, DESTINADO AO TRANSPORTE ESCOLAR | F8: Centro/Oeste | G8: 40 | H8: Quilome tro-KM | I8: ='Rota 05 a 08'!I134 -> 28.86117 | J8: =I8*G8 -> 1154.4468 | K8: =J8*22 -> 25397.83 | L8: =K8*10 -> 253978.3
A9: 08 | B9: 1 | C9: 0 | D9: 2202608 | E9: ÔNIBUS, COM MOTORISTA, DOTADO DE TODOS OS EQUIPAMENTOS DE SEGURANÇA OBRIGATÓRIOS POR LEI, DESTINADO AO TRANSPORTE ESCOLAR | F9: Centro/Leste | G9: 40 | H9: Quilome tro-KM | I9: ='Rota 05 a 08'!I134 -> 28.86117 | J9: =I9*G9 -> 1154.4468 | K9: =J9*22 -> 25397.83 | L9: =K9*10 -> 253978.3
A10: VALOR TOTAL GLOBAL 200 DIAS | G10: =SUM(G2:G9) -> 480 | I10: =SUM(I2:I9) -> 182.85348 | J10: =SUM(J2:J9) -> 9926.3409 | K10: =SUM(K2:K9) -> 218379.5 | L10: =SUM(L2:L9) -> 2183795

Sheet Rota 01
A1: PALNILHA DE COMPOSIÇÃO DE CUSTOS ÔNIBUS | L1: MEMÓRIAS DE CÁLCULO
A2: MOTORISTAS | L2: UNIFORME - MOTORISTA
A3: Discriminação dos Serviços | L3: descrição | M3: und | N3: qutd | O3: periodicidade | P3: v. unt | Q3: v. anual | R3: custo mensal
B4: ORGÃO LICITANTE | E4: SECRETARIA MUNICIPAL DE EDUCAÇÃO | L4: Camisa | M4: un | N4: 2 | O4: anual | P4: 155 | Q4: =P4*N4 -> 310 | R4: =Q4/10 -> 31
B5: PROCESSO N° | L5: calça | M5: un | N5: 2 | O5: anual | P5: 199.5 | Q5: =P5*N5 -> 399 | R5: =Q5/10 -> 39.9
B6: LICITAÇÃO N° | L6: VALOR TOTAL MENSAL | N6: =SUM(R4:R5) -> 70.9 | O6: UNIFORMES
A7: Discriminação dos Serviços
A8: A | B8: Data de apresentação da proposta | Q8: Custo de Depreciação da Frota mensal da forta
A9: B | B9: Município | H9: Altos - PI | L9: DEPRECIAÇÃO | Q9: coeficiente
A10: C | B10: Ano do Acordo, Convenção ou Dissídio Coletivo | H10: 2026 | L10: VIDA ÚTIL | O10: 15 | Q10: J | R10: 1
A11: D | B11: Nº de meses de execução contratual | H11: 1 | I11: =11 -> 11 | L11: VALOR: | O11: 585900 | Q11: VU | R11: 10
A12: Identificação do Serviço | L12: Valor Residual | O12: =O11*0.15 -> 87885 | Q12: VR | R12: 0.15
A13: Tipo de Serviço | C13: Unidade de Medida | E13: funcioonário/mês | L13: Depreciação mensal unitária | O13: =R22 -> 8100.2928
A14: MOTORISTA | C14: UND | E14: 1 | L14: Depreciação mensal toal | O14: =O13*E14 -> 8100.2928 | Q14: VU-j | R14: 9 | S14: X | T14: 1 | U14: =R12 -> 0.15
A15: Dados para composição dos custos referentes à mão-de-obra | L15: TOTAL X QUANTIDADE DE VEICULOS | O15: =O14 -> 8100.2928 | R15: =1+2+3+4+5+6+7+8+9+10+10 -> 65 | U15: 100
A16: 1 | B16: Tipo de serviço (mesmo serviço com características distintas) | H16: Motorista
A17: 2 | B17: Salário Nominativo da Categoria Profissional Motorista CBO - 7824-10 | H17: 1829.64 | R17: =R14/R15 -> 0.13846154 | S17: X | T17: =T14-U17 -> 0.9985 | U17: =U14/U15 -> 0.0015
A18: 4 | B18: Data base da categoria (dia/mês/ano) | H18: 46054 | L18: CUSTOS COM COMBUSTÍVEIS (R$/km) | Q18: coeficiente | R18: =R17*T17 -> 0.13825385
L19: KM RODADO MENSAL | O19: ='Rotas complementares'!G2*22 -> 1540
A20: MÓDULO 1 - COMPOSIÇÃO DA REMUNERAÇÃO | L20: MEDIA DE CONSUMO DE KM/L | O20: 3 | Q20: cdf | R20: =R18 -> 0.13825385
A21: 1.1 | B21: COMPOSIÇÃO DA REMUNERAÇÃO MOTORISTA | H21: % | I21: VALOR (R$) | L21: PREÇO DO LITRO DE DIESEL | O21: 7.5 | Q21: Pvrs | R21: =O11 -> 585900
A22: A | B22: Salário Base | I22: 1829.64 | L22: COEFICIENTE DE CONSUMO | O22: =1/O20 -> 0.33333333 | Q22: Cduf | R22: =(R20*R21)/10 -> 8100.2928
A23: B | B23: Adicional Periculosidade | I23: 0 | L23: Custo de combustivel (R$/km) | O23: =O21*O22 -> 2.5
A24: C | B24: Adicional Insalubridade | I24: =H24*I22 -> 0 | L24: TOTAL | O24: =O23*O19 -> 3850
A25: D | B25: Adicional Noturno | I25: 0
A26: E | B26: Adicional de Hora Noturna Reduzida | I26: 0 | L26: MEMORIA DE CALCULO MANUTENÇÃO
A27: F | B27: Adicional de Hora Extra no Feriado Trabalhado | I27: 0 | L27: 1- ÓLEOS E LUBRIFICANTES
A28: G | B28: Outros (especificar) | I28: 0 | L28: KM RODADO | O28: =O19 -> 1540
A29: Valor Remuneração | I29: =SUM(I22:I28) -> 1829.64 | L29: COEFICIENTE DE CONSUMO | O29: 0.08
A30: TOTAL DO MÓDULO 1 | I30: =I29 -> 1829.64 | L30: PREÇO DO LITRO DE DIESEL | O30: 6.44
A31: MÓDULO 2 – ENCARGOS E BENEFÍCIOS ANUAIS, MENSAIS E DIÁRIOS | L31: Sub total | O31: =O30*O29 -> 0.5152
A32: Submódulo 2.1 - 13º Salário, Férias e Adicional de Férias | H32: % | I32: VALOR (R$) | L32: 2- RODAGEM
A33: A | B33: 13 (Décimo-terceiro) salário | H33: 0.0833 | I33: =TRUNC(($I$30*H33),2) -> 152.4 | L33: PREÇO PNEU (PN) | O33: 4950
A34: B | B34: Férias e Adicional de Férias | H34: 0.1111 | I34: =TRUNC(($I$30*H34),2) -> 203.27 | L34: QTD PNEUS (QP) | O34: 6
A35: TOTAL SUBMÓDULO 2.1 | H35: =TRUNC(SUM(H33:H34),4) -> 0.1944 | I35: =TRUNC(SUM(I33:I34),2) -> 355.67 | L35: PREÇO RECAPAGEM (PR) | O35: 789
L36: QTD RECAPAGEM (QR) | O36: 3
A37: Submódulo 2.2 - GPS, FGTS e Outras Contribuições | H37: % | I37: VALOR (R$) | L37: VIDA UTIL PNEU (VU) | O37: 125000
A38: A | B38: INSS | H38: 0.2 | I38: =($I$30+$I$35)*H38 -> 437.062 | L38: Sub total | O38: =((O33*O34)+(O35*O36*O34))/O37 -> 0.351216 | Q38: coeficiente | R38: 1
A39: B | B39: Salário Educação | H39: 0.025 | I39: =($I$30+$I$35)*H39 -> 54.63275 | L39: 3-PEÇAS | Q39: J | R39: 10
A40: C | B40: SAT (Seguro Acidente de Trabalho) = RAT X FAP | H40: 0.03 | I40: =($I$30+$I$35)*H40 -> 65.5593 | L40: KM MENSAL (QM) | O40: =O28 -> 1540 | Q40: VU | R40: 1.5
A41: D | B41: SESC ou SESI | H41: 0.015 | I41: =($I$30+$I$35)*H41 -> 32.77965 | L41: Nº VEÍCULOS (NV) | O41: =E14 -> 1 | Q41: VR
A42: E | B42: SENAI - SENAC | H42: 0.01 | I42: =($I$30+$I$35)*H42 -> 21.8531 | L42: Percurso medio (PM=QM-NV) | O42: =O40/O41 -> 1540 | R42: 9 | S42: X | T42: 1 | U42: =R40 -> 1.5
A43: F | B43: SEBRAE | H43: 0.006 | I43: =($I$30+$I$35)*H43 -> 13.11186 | L43: COEFICIENTE DE CONSUMO (CC) | O43: 0.0083 | Q43: VU-j | R43: =1+2+3+4+5+6+7+8+9+10 -> 55 | U43: 100
A44: G | B44: INCRA | H44: 0.002 | I44: =($I$30+$I$35)*H44 -> 4.37062 | L44: Preço do veículo (PV) | O44: =O11 -> 585900
A45: H | B45: FGTS | H45: 0.08 | I45: =($I$30+$I$35)*H45 -> 174.8248 | L45: Sub total | O45: =(O43*O44)/O42 -> 3.1577727 | R45: =R42/R43 -> 0.16363636 | S45: X | T45: =T42-U45 -> 0.985 | U45: =U42/U43 -> 0.015
A46: TOTAL SUBMÓDULO 2.2 | H46: =SUM(H38:H45) -> 0.368 | I46: =TRUNC(SUM(I38:I45),2) -> 804.19 | R46: =R45*T45 -> 0.16118182
A47: Submódulo 2.3 - Benefícios Mensais e Diários | I47: VALOR (R$) | L47: TOTAL (1+2+3) | O47: =O45+O38+O31 -> 4.0241887 | Q47: coeficiente
A48: 2.3.1 | B48: MOTORISTA | L48: TOTAL MENSAL | O48: =O47*O28 -> 6197.2506
A49: A | B49: Transporte | H49: - | I49: 0 | T49: =R46 -> 0.16118182 | U49: =#REF! -> #REF!
A50: B | B50: Auxílio-Refeição/Alimentação | H50: - | I50: 350 | T50: =U49*T49 -> #REF!
A51: D | B51: Assistência Médica e Familiar | H51: - | I51: 0 | T51: =T50/12 -> #REF!
A52: E | B52: Seguro de Vida | H52: - | I52: 25 | T52: =T51*110 -> #REF!
A53: G | B53: Outros (especificar) | H53: -
A54: Total beneficios | I54: =SUM(I49:I53) -> 375
A55: Subtotal 2.3.1 | I55: =I54 -> 375
A56: TOTAL SUBMÓDULO 2.3 | I56: =I55 -> 375
A57: QUADRO-RESUMO DO MÓDULO 2 - ENCARGOS, BENEFÍCIOS ANUAIS, MENSAIS E DIÁRIOS
A58: Módulo 2 - Encargos, Benefícios Anuais, Mensais e Diários | I58: VALOR (R$)
A59: 2.1 | B59: 13º Salário, Férias e Adicional de Férias | I59: =I35 -> 355.67
A60: 2.2 | B60: GPS, FGTS e Outras Contribuições | I60: =I46 -> 804.19
A61: 2.3 | B61: Benefícios Mensais e Diários | I61: =I56 -> 375
A62: TOTAL DO MÓDULO 2 | I62: =TRUNC(SUM(I59:I61),2) -> 1534.86
A63: MÓDULO 3 – PROVISÃO PARA RESCISÃO
A64: 3 | B64: PROVISÃO PARA RESCISÃO | H64: % | I64: VALOR (R$)
A65: A | B65: Aviso Prévio Indenizado | H65: 0.02 | I65: =TRUNC(($I$30*H65),2) -> 36.59
A66: B | B66: Incidência do FGTS sobre Aviso Prévio Indenizado | H66: 0.0347 | I66: =TRUNC(($I$30*H66),2) -> 63.48
A67: C | B67: Multa do FGTS e Contribuição Social sobre o Aviso Prévio Indenizado | H67: 0.04 | I67: =TRUNC(($I$30*H67),2) -> 73.18
A68: D | B68: Aviso Prévio Trabalhado | H68: 0 | I68: =TRUNC(($I$30*H68),2) -> 0
A69: E | B69: Incidência dos encargos do submódulo 2.2 sobre Aviso Prévio Trabalhado | H69: 0.0074 | I69: =TRUNC(($I$30*H69),2) -> 13.53
A70: F | B70: Multa do FGTS e Contribuição Social sobre o Aviso Prévio Trabalhado. | H70: 0.04 | I70: =TRUNC(($I$30*H70),2) -> 73.18
A71: TOTAL DO MÓDULO 3 | H71: =SUM(H65:H70) -> 0.1421 | I71: =SUM(I65:I70) -> 259.96
A72: MÓDULO 4 – CUSTO DE REPOSIÇÃO DO PROFISSIONAL AUSENTE - BASE DE CÁLCULO | I72: =(I30+I62+I71)-I49 -> 3624.46
A73: Submódulo 4.1 - Ausências Legais | H73: % | I73: VALOR (R$)
A74: A | B74: Férias | H74: 0.08 | I74: =$H$17*H74 -> 146.3712
A75: B | B75: Ausências Legais | H75: 0.009 | I75: =$H$17*H75 -> 16.46676
A76: C | B76: Licença Paternidade | H76: 0.002 | I76: =$H$17*H76 -> 3.65928
A77: D | B77: Ausência por Acidente de Trabalho | H77: 0.003 | I77: =$H$17*H77 -> 5.48892
A78: E | B78: Afastamento Maternidade | H78: 0.006 | I78: =$H$17*H78 -> 10.97784
A79: F | B79: Outros (especificar) | H79: 0 | I79: =$I$72*H79 -> 0
A80: TOTAL SUBMÓDULO 4.1 | H80: =TRUNC(SUM(H74:H79),4) -> 0.1 | I80: =TRUNC(SUM(I74:I79),2) -> 182.96
A82: Submódulo 4.2 - Intrajornada | H82: % | I82: VALOR (R$)
A83: A | B83: Intervalo para Repouso ou Alimentação | H83: 0 | I83: =$I$30*H83 -> 0
A84: TOTAL SUBMÓDULO 4.2 | H84: =TRUNC(SUM(H83),4) -> 0 | I84: =TRUNC(SUM(I83),2) -> 0
A86: QUADRO-RESUMO DO MÓDULO 4 - CUSTO DE REPOSIÇÃO DO PROFISSIONAL AUSENTE
A87: Módulo 4 - Custo de Reposição do Profissional Ausente | I87: VALOR (R$)
A88: 4.1 | B88: Ausências Legais | I88: =I80 -> 182.96
A89: 4.2 | B89: Intrajornada | I89: =I84 -> 0
A90: TOTAL DO MÓDULO 4 | I90: =TRUNC(SUM(I88:I89),2) -> 182.96
A92: MÓDULO 5 – INSUMOS DIVERSOS
A93: 5 | B93: INSUMOS DIVERSOS | I93: VALOR (R$)
A94: A | B94: Uniformes | H94: - | I94: =N6 -> 70.9
A95: B | B95: materiais | H95: - | I95: 0
A96: C | B96: EPI'S e depreciação de veículos | H96: -
A97: D | B97: outros | H97: - | I97: 0
A98: TOTAL DO MÓDULO 5 | H98: - | I98: =TRUNC(SUM(I94:I97),2) -> 70.9
A100: QUADRO RESUMO DO CUSTO POR EMPREGADO
A101: Mão-de-Obra vinculada à execução contratual (valor por empregado) | I101: VALOR (R$)
A102: A | B102: =A20 -> MÓDULO 1 - COMPOSIÇÃO DA REMUNERAÇÃO | I102: =I30 -> 1829.64
A103: B | B103: =A31 -> MÓDULO 2 – ENCARGOS E BENEFÍCIOS ANUAIS, MENSAIS E DIÁRIOS | I103: =I62 -> 1534.86
A104: C | B104: =A63 -> MÓDULO 3 – PROVISÃO PARA RESCISÃO | I104: =I71 -> 259.96
...

Sheet Rota 02
A1: PALNILHA DE COMPOSIÇÃO DE CUSTOS ÔNIBUS | L1: MEMÓRIAS DE CÁLCULO
A2: MOTORISTAS | L2: UNIFORME - MOTORISTA
A3: Discriminação dos Serviços | L3: descrição | M3: und | N3: qutd | O3: periodicidade | P3: v. unt | Q3: v. anual | R3: custo mensal
B4: ORGÃO LICITANTE | E4: SECRETARIA MUNICIPAL DE EDUCAÇÃO | L4: Camisa | M4: un | N4: 2 | O4: anual | P4: 155 | Q4: =P4*N4 -> 310 | R4: =Q4/10 -> 31
B5: PROCESSO N° | L5: calça | M5: un | N5: 2 | O5: anual | P5: 199.5 | Q5: =P5*N5 -> 399 | R5: =Q5/10 -> 39.9
B6: LICITAÇÃO N° | L6: VALOR TOTAL MENSAL | N6: =SUM(R4:R5) -> 70.9 | O6: UNIFORMES
A7: Discriminação dos Serviços
A8: A | B8: Data de apresentação da proposta | Q8: Custo de Depreciação da Frota mensal da forta
A9: B | B9: Município | H9: Altos - PI | L9: DEPRECIAÇÃO | Q9: coeficiente
A10: C | B10: Ano do Acordo, Convenção ou Dissídio Coletivo | H10: 2026 | L10: VIDA ÚTIL | O10: 15 | Q10: J | R10: 1
A11: D | B11: Nº de meses de execução contratual | H11: 1 | I11: =11 -> 11 | L11: VALOR: | O11: 585900 | Q11: VU | R11: 10
A12: Identificação do Serviço | L12: Valor Residual | O12: =O11*0.15 -> 87885 | Q12: VR | R12: 0.15
A13: Tipo de Serviço | C13: Unidade de Medida | E13: funcioonário/mês | L13: Depreciação mensal unitária | O13: =R22 -> 8100.2928
A14: MOTORISTA | C14: UND | E14: 1 | L14: Depreciação mensal toal | O14: =O13*E14 -> 8100.2928 | Q14: VU-j | R14: 9 | S14: X | T14: 1 | U14: =R12 -> 0.15
A15: Dados para composição dos custos referentes à mão-de-obra | L15: TOTAL X QUANTIDADE DE VEICULOS | O15: =O14 -> 8100.2928 | R15: =1+2+3+4+5+6+7+8+9+10+10 -> 65 | U15: 100
A16: 1 | B16: Tipo de serviço (mesmo serviço com características distintas) | H16: Motorista
A17: 2 | B17: Salário Nominativo da Categoria Profissional Motorista CBO - 7824-10 | H17: 1829.64 | R17: =R14/R15 -> 0.13846154 | S17: X | T17: =T14-U17 -> 0.9985 | U17: =U14/U15 -> 0.0015
A18: 4 | B18: Data base da categoria (dia/mês/ano) | H18: 46054 | L18: CUSTOS COM COMBUSTÍVEIS (R$/km) | Q18: coeficiente | R18: =R17*T17 -> 0.13825385
L19: KM RODADO MENSAL | O19: ='Rotas complementares'!G3*22 -> 2200
A20: MÓDULO 1 - COMPOSIÇÃO DA REMUNERAÇÃO | L20: MEDIA DE CONSUMO DE KM/L | O20: 3 | Q20: cdf | R20: =R18 -> 0.13825385
A21: 1.1 | B21: COMPOSIÇÃO DA REMUNERAÇÃO MOTORISTA | H21: % | I21: VALOR (R$) | L21: PREÇO DO LITRO DE DIESEL | O21: 7.5 | Q21: Pvrs | R21: =O11 -> 585900
A22: A | B22: Salário Base | I22: 1829.64 | L22: COEFICIENTE DE CONSUMO | O22: =1/O20 -> 0.33333333 | Q22: Cduf | R22: =(R20*R21)/10 -> 8100.2928
A23: B | B23: Adicional Periculosidade | I23: 0 | L23: Custo de combustivel (R$/km) | O23: =O21*O22 -> 2.5
A24: C | B24: Adicional Insalubridade | I24: =H24*I22 -> 0 | L24: TOTAL | O24: =O23*O19 -> 5500
A25: D | B25: Adicional Noturno | I25: 0
A26: E | B26: Adicional de Hora Noturna Reduzida | I26: 0 | L26: MEMORIA DE CALCULO MANUTENÇÃO
A27: F | B27: Adicional de Hora Extra no Feriado Trabalhado | I27: 0 | L27: 1- ÓLEOS E LUBRIFICANTES
A28: G | B28: Outros (especificar) | I28: 0 | L28: KM RODADO | O28: =O19 -> 2200
A29: Valor Remuneração | I29: =SUM(I22:I28) -> 1829.64 | L29: COEFICIENTE DE CONSUMO | O29: 0.08
A30: TOTAL DO MÓDULO 1 | I30: =I29 -> 1829.64 | L30: PREÇO DO LITRO DE DIESEL | O30: 6.44
A31: MÓDULO 2 – ENCARGOS E BENEFÍCIOS ANUAIS, MENSAIS E DIÁRIOS | L31: Sub total | O31: =O30*O29 -> 0.5152
A32: Submódulo 2.1 - 13º Salário, Férias e Adicional de Férias | H32: % | I32: VALOR (R$) | L32: 2- RODAGEM
A33: A | B33: 13 (Décimo-terceiro) salário | H33: 0.0833 | I33: =TRUNC(($I$30*H33),2) -> 152.4 | L33: PREÇO PNEU (PN) | O33: 4950
A34: B | B34: Férias e Adicional de Férias | H34: 0.1111 | I34: =TRUNC(($I$30*H34),2) -> 203.27 | L34: QTD PNEUS (QP) | O34: 6
A35: TOTAL SUBMÓDULO 2.1 | H35: =TRUNC(SUM(H33:H34),4) -> 0.1944 | I35: =TRUNC(SUM(I33:I34),2) -> 355.67 | L35: PREÇO RECAPAGEM (PR) | O35: 789
L36: QTD RECAPAGEM (QR) | O36: 3
A37: Submódulo 2.2 - GPS, FGTS e Outras Contribuições | H37: % | I37: VALOR (R$) | L37: VIDA UTIL PNEU (VU) | O37: 125000
A38: A | B38: INSS | H38: 0.2 | I38: =($I$30+$I$35)*H38 -> 437.062 | L38: Sub total | O38: =((O33*O34)+(O35*O36*O34))/O37 -> 0.351216 | Q38: coeficiente | R38: 1
A39: B | B39: Salário Educação | H39: 0.025 | I39: =($I$30+$I$35)*H39 -> 54.63275 | L39: 3-PEÇAS | Q39: J | R39: 10
A40: C | B40: SAT (Seguro Acidente de Trabalho) = RAT X FAP | H40: 0.03 | I40: =($I$30+$I$35)*H40 -> 65.5593 | L40: KM MENSAL (QM) | O40: =O28 -> 2200 | Q40: VU | R40: 1.5
A41: D | B41: SESC ou SESI | H41: 0.015 | I41: =($I$30+$I$35)*H41 -> 32.77965 | L41: Nº VEÍCULOS (NV) | O41: =E14 -> 1 | Q41: VR
A42: E | B42: SENAI - SENAC | H42: 0.01 | I42: =($I$30+$I$35)*H42 -> 21.8531 | L42: Percurso medio (PM=QM-NV) | O42: =O40/O41 -> 2200 | R42: 9 | S42: X | T42: 1 | U42: =R40 -> 1.5
A43: F | B43: SEBRAE | H43: 0.006 | I43: =($I$30+$I$35)*H43 -> 13.11186 | L43: COEFICIENTE DE CONSUMO (CC) | O43: 0.0083 | Q43: VU-j | R43: =1+2+3+4+5+6+7+8+9+10 -> 55 | U43: 100
A44: G | B44: INCRA | H44: 0.002 | I44: =($I$30+$I$35)*H44 -> 4.37062 | L44: Preço do veículo (PV) | O44: =O11 -> 585900
A45: H | B45: FGTS | H45: 0.08 | I45: =($I$30+$I$35)*H45 -> 174.8248 | L45: Sub total | O45: =(O43*O44)/O42 -> 2.2104409 | R45: =R42/R43 -> 0.16363636 | S45: X | T45: =T42-U45 -> 0.985 | U45: =U42/U43 -> 0.015
A46: TOTAL SUBMÓDULO 2.2 | H46: =SUM(H38:H45) -> 0.368 | I46: =TRUNC(SUM(I38:I45),2) -> 804.19 | R46: =R45*T45 -> 0.16118182
A47: Submódulo 2.3 - Benefícios Mensais e Diários | I47: VALOR (R$) | L47: TOTAL (1+2+3) | O47: =O45+O38+O31 -> 3.0768569 | Q47: coeficiente
A48: 2.3.1 | B48: MOTORISTA | L48: TOTAL MENSAL | O48: =O47*O28 -> 6769.0852
A49: A | B49: Transporte | H49: - | I49: 0 | T49: =R46 -> 0.16118182 | U49: =#REF! -> #REF!
A50: B | B50: Auxílio-Refeição/Alimentação | H50: - | I50: 350 | T50: =U49*T49 -> #REF!
A51: D | B51: Assistência Médica e Familiar | H51: - | I51: 0 | T51: =T50/12 -> #REF!
A52: E | B52: Seguro de Vida | H52: - | I52: 25 | T52: =T51*110 -> #REF!
A53: G | B53: Outros (especificar) | H53: -
A54: Total beneficios | I54: =SUM(I49:I53) -> 375
A55: Subtotal 2.3.1 | I55: =I54 -> 375
A56: TOTAL SUBMÓDULO 2.3 | I56: =I55 -> 375
A57: QUADRO-RESUMO DO MÓDULO 2 - ENCARGOS, BENEFÍCIOS ANUAIS, MENSAIS E DIÁRIOS
A58: Módulo 2 - Encargos, Benefícios Anuais, Mensais e Diários | I58: VALOR (R$)
A59: 2.1 | B59: 13º Salário, Férias e Adicional de Férias | I59: =I35 -> 355.67
A60: 2.2 | B60: GPS, FGTS e Outras Contribuições | I60: =I46 -> 804.19
A61: 2.3 | B61: Benefícios Mensais e Diários | I61: =I56 -> 375
A62: TOTAL DO MÓDULO 2 | I62: =TRUNC(SUM(I59:I61),2) -> 1534.86
A63: MÓDULO 3 – PROVISÃO PARA RESCISÃO
A64: 3 | B64: PROVISÃO PARA RESCISÃO | H64: % | I64: VALOR (R$)
A65: A | B65: Aviso Prévio Indenizado | H65: 0.02 | I65: =TRUNC(($I$30*H65),2) -> 36.59
A66: B | B66: Incidência do FGTS sobre Aviso Prévio Indenizado | H66: 0.0347 | I66: =TRUNC(($I$30*H66),2) -> 63.48
A67: C | B67: Multa do FGTS e Contribuição Social sobre o Aviso Prévio Indenizado | H67: 0.04 | I67: =TRUNC(($I$30*H67),2) -> 73.18
A68: D | B68: Aviso Prévio Trabalhado | H68: 0 | I68: =TRUNC(($I$30*H68),2) -> 0
A69: E | B69: Incidência dos encargos do submódulo 2.2 sobre Aviso Prévio Trabalhado | H69: 0.0074 | I69: =TRUNC(($I$30*H69),2) -> 13.53
A70: F | B70: Multa do FGTS e Contribuição Social sobre o Aviso Prévio Trabalhado. | H70: 0.04 | I70: =TRUNC(($I$30*H70),2) -> 73.18
A71: TOTAL DO MÓDULO 3 | H71: =SUM(H65:H70) -> 0.1421 | I71: =SUM(I65:I70) -> 259.96
A72: MÓDULO 4 – CUSTO DE REPOSIÇÃO DO PROFISSIONAL AUSENTE - BASE DE CÁLCULO | I72: =(I30+I62+I71)-I49 -> 3624.46
A73: Submódulo 4.1 - Ausências Legais | H73: % | I73: VALOR (R$)
A74: A | B74: Férias | H74: 0.08 | I74: =$H$17*H74 -> 146.3712
A75: B | B75: Ausências Legais | H75: 0.009 | I75: =$H$17*H75 -> 16.46676
A76: C | B76: Licença Paternidade | H76: 0.002 | I76: =$H$17*H76 -> 3.65928
A77: D | B77: Ausência por Acidente de Trabalho | H77: 0.003 | I77: =$H$17*H77 -> 5.48892
A78: E | B78: Afastamento Maternidade | H78: 0.006 | I78: =$H$17*H78 -> 10.97784
A79: F | B79: Outros (especificar) | H79: 0 | I79: =$I$72*H79 -> 0
A80: TOTAL SUBMÓDULO 4.1 | H80: =TRUNC(SUM(H74:H79),4) -> 0.1 | I80: =TRUNC(SUM(I74:I79),2) -> 182.96
A82: Submódulo 4.2 - Intrajornada | H82: % | I82: VALOR (R$)
A83: A | B83: Intervalo para Repouso ou Alimentação | H83: 0 | I83: =$I$30*H83 -> 0
A84: TOTAL SUBMÓDULO 4.2 | H84: =TRUNC(SUM(H83),4) -> 0 | I84: =TRUNC(SUM(I83),2) -> 0
A86: QUADRO-RESUMO DO MÓDULO 4 - CUSTO DE REPOSIÇÃO DO PROFISSIONAL AUSENTE
A87: Módulo 4 - Custo de Reposição do Profissional Ausente | I87: VALOR (R$)
A88: 4.1 | B88: Ausências Legais | I88: =I80 -> 182.96
A89: 4.2 | B89: Intrajornada | I89: =I84 -> 0
A90: TOTAL DO MÓDULO 4 | I90: =TRUNC(SUM(I88:I89),2) -> 182.96
A92: MÓDULO 5 – INSUMOS DIVERSOS
A93: 5 | B93: INSUMOS DIVERSOS | I93: VALOR (R$)
A94: A | B94: Uniformes | H94: - | I94: =N6 -> 70.9
A95: B | B95: materiais | H95: - | I95: 0
A96: C | B96: EPI'S e depreciação de veículos | H96: -
A97: D | B97: outros | H97: - | I97: 0
A98: TOTAL DO MÓDULO 5 | H98: - | I98: =TRUNC(SUM(I94:I97),2) -> 70.9
A100: QUADRO RESUMO DO CUSTO POR EMPREGADO
A101: Mão-de-Obra vinculada à execução contratual (valor por empregado) | I101: VALOR (R$)
A102: A | B102: =A20 -> MÓDULO 1 - COMPOSIÇÃO DA REMUNERAÇÃO | I102: =I30 -> 1829.64
A103: B | B103: =A31 -> MÓDULO 2 – ENCARGOS E BENEFÍCIOS ANUAIS, MENSAIS E DIÁRIOS | I103: =I62 -> 1534.86
A104: C | B104: =A63 -> MÓDULO 3 – PROVISÃO PARA RESCISÃO | I104: =I71 -> 259.96
...

Sheet Rota 03
A1: PALNILHA DE COMPOSIÇÃO DE CUSTOS ÔNIBUS | L1: MEMÓRIAS DE CÁLCULO
A2: MOTORISTAS | L2: UNIFORME - MOTORISTA
A3: Discriminação dos Serviços | L3: descrição | M3: und | N3: qutd | O3: periodicidade | P3: v. unt | Q3: v. anual | R3: custo mensal
B4: ORGÃO LICITANTE | E4: SECRETARIA MUNICIPAL DE EDUCAÇÃO | L4: Camisa | M4: un | N4: 2 | O4: anual | P4: 155 | Q4: =P4*N4 -> 310 | R4: =Q4/10 -> 31
B5: PROCESSO N° | L5: calça | M5: un | N5: 2 | O5: anual | P5: 199.5 | Q5: =P5*N5 -> 399 | R5: =Q5/10 -> 39.9
B6: LICITAÇÃO N° | L6: VALOR TOTAL MENSAL | N6: =SUM(R4:R5) -> 70.9 | O6: UNIFORMES
A7: Discriminação dos Serviços
A8: A | B8: Data de apresentação da proposta | Q8: Custo de Depreciação da Frota mensal da forta
A9: B | B9: Município | H9: Altos - PI | L9: DEPRECIAÇÃO | Q9: coeficiente
A10: C | B10: Ano do Acordo, Convenção ou Dissídio Coletivo | H10: 2026 | L10: VIDA ÚTIL | O10: 15 | Q10: J | R10: 1
A11: D | B11: Nº de meses de execução contratual | H11: 1 | I11: =11 -> 11 | L11: VALOR: | O11: 585900 | Q11: VU | R11: 10
A12: Identificação do Serviço | L12: Valor Residual | O12: =O11*0.15 -> 87885 | Q12: VR | R12: 0.15
A13: Tipo de Serviço | C13: Unidade de Medida | E13: funcioonário/mês | L13: Depreciação mensal unitária | O13: =R22 -> 8100.2928
A14: MOTORISTA | C14: UND | E14: 1 | L14: Depreciação mensal toal | O14: =O13*E14 -> 8100.2928 | Q14: VU-j | R14: 9 | S14: X | T14: 1 | U14: =R12 -> 0.15
A15: Dados para composição dos custos referentes à mão-de-obra | L15: TOTAL X QUANTIDADE DE VEICULOS | O15: =O14 -> 8100.2928 | R15: =1+2+3+4+5+6+7+8+9+10+10 -> 65 | U15: 100
A16: 1 | B16: Tipo de serviço (mesmo serviço com características distintas) | H16: Motorista
A17: 2 | B17: Salário Nominativo da Categoria Profissional Motorista CBO - 7824-10 | H17: 1829.64 | R17: =R14/R15 -> 0.13846154 | S17: X | T17: =T14-U17 -> 0.9985 | U17: =U14/U15 -> 0.0015
A18: 4 | B18: Data base da categoria (dia/mês/ano) | H18: 46054 | L18: CUSTOS COM COMBUSTÍVEIS (R$/km) | Q18: coeficiente | R18: =R17*T17 -> 0.13825385
L19: KM RODADO MENSAL | O19: ='Rotas complementares'!G4*22 -> 1540
A20: MÓDULO 1 - COMPOSIÇÃO DA REMUNERAÇÃO | L20: MEDIA DE CONSUMO DE KM/L | O20: 3 | Q20: cdf | R20: =R18 -> 0.13825385
A21: 1.1 | B21: COMPOSIÇÃO DA REMUNERAÇÃO MOTORISTA | H21: % | I21: VALOR (R$) | L21: PREÇO DO LITRO DE DIESEL | O21: 7.5 | Q21: Pvrs | R21: =O11 -> 585900
A22: A | B22: Salário Base | I22: 1829.64 | L22: COEFICIENTE DE CONSUMO | O22: =1/O20 -> 0.33333333 | Q22: Cduf | R22: =(R20*R21)/10 -> 8100.2928
A23: B | B23: Adicional Periculosidade | I23: 0 | L23: Custo de combustivel (R$/km) | O23: =O21*O22 -> 2.5
A24: C | B24: Adicional Insalubridade | I24: =H24*I22 -> 0 | L24: TOTAL | O24: =O23*O19 -> 3850
A25: D | B25: Adicional Noturno | I25: 0
A26: E | B26: Adicional de Hora Noturna Reduzida | I26: 0 | L26: MEMORIA DE CALCULO MANUTENÇÃO
A27: F | B27: Adicional de Hora Extra no Feriado Trabalhado | I27: 0 | L27: 1- ÓLEOS E LUBRIFICANTES
A28: G | B28: Outros (especificar) | I28: 0 | L28: KM RODADO | O28: =O19 -> 1540
A29: Valor Remuneração | I29: =SUM(I22:I28) -> 1829.64 | L29: COEFICIENTE DE CONSUMO | O29: 0.08
A30: TOTAL DO MÓDULO 1 | I30: =I29 -> 1829.64 | L30: PREÇO DO LITRO DE DIESEL | O30: 6.44
A31: MÓDULO 2 – ENCARGOS E BENEFÍCIOS ANUAIS, MENSAIS E DIÁRIOS | L31: Sub total | O31: =O30*O29 -> 0.5152
A32: Submódulo 2.1 - 13º Salário, Férias e Adicional de Férias | H32: % | I32: VALOR (R$) | L32: 2- RODAGEM
A33: A | B33: 13 (Décimo-terceiro) salário | H33: 0.0833 | I33: =TRUNC(($I$30*H33),2) -> 152.4 | L33: PREÇO PNEU (PN) | O33: 4950
A34: B | B34: Férias e Adicional de Férias | H34: 0.1111 | I34: =TRUNC(($I$30*H34),2) -> 203.27 | L34: QTD PNEUS (QP) | O34: 6
A35: TOTAL SUBMÓDULO 2.1 | H35: =TRUNC(SUM(H33:H34),4) -> 0.1944 | I35: =TRUNC(SUM(I33:I34),2) -> 355.67 | L35: PREÇO RECAPAGEM (PR) | O35: 789
L36: QTD RECAPAGEM (QR) | O36: 3
A37: Submódulo 2.2 - GPS, FGTS e Outras Contribuições | H37: % | I37: VALOR (R$) | L37: VIDA UTIL PNEU (VU) | O37: 125000
A38: A | B38: INSS | H38: 0.2 | I38: =($I$30+$I$35)*H38 -> 437.062 | L38: Sub total | O38: =((O33*O34)+(O35*O36*O34))/O37 -> 0.351216 | Q38: coeficiente | R38: 1
A39: B | B39: Salário Educação | H39: 0.025 | I39: =($I$30+$I$35)*H39 -> 54.63275 | L39: 3-PEÇAS | Q39: J | R39: 10
A40: C | B40: SAT (Seguro Acidente de Trabalho) = RAT X FAP | H40: 0.03 | I40: =($I$30+$I$35)*H40 -> 65.5593 | L40: KM MENSAL (QM) | O40: =O28 -> 1540 | Q40: VU | R40: 1.5
A41: D | B41: SESC ou SESI | H41: 0.015 | I41: =($I$30+$I$35)*H41 -> 32.77965 | L41: Nº VEÍCULOS (NV) | O41: =E14 -> 1 | Q41: VR
A42: E | B42: SENAI - SENAC | H42: 0.01 | I42: =($I$30+$I$35)*H42 -> 21.8531 | L42: Percurso medio (PM=QM-NV) | O42: =O40/O41 -> 1540 | R42: 9 | S42: X | T42: 1 | U42: =R40 -> 1.5
A43: F | B43: SEBRAE | H43: 0.006 | I43: =($I$30+$I$35)*H43 -> 13.11186 | L43: COEFICIENTE DE CONSUMO (CC) | O43: 0.0083 | Q43: VU-j | R43: =1+2+3+4+5+6+7+8+9+10 -> 55 | U43: 100
A44: G | B44: INCRA | H44: 0.002 | I44: =($I$30+$I$35)*H44 -> 4.37062 | L44: Preço do veículo (PV) | O44: =O11 -> 585900
A45: H | B45: FGTS | H45: 0.08 | I45: =($I$30+$I$35)*H45 -> 174.8248 | L45: Sub total | O45: =(O43*O44)/O42 -> 3.1577727 | R45: =R42/R43 -> 0.16363636 | S45: X | T45: =T42-U45 -> 0.985 | U45: =U42/U43 -> 0.015
A46: TOTAL SUBMÓDULO 2.2 | H46: =SUM(H38:H45) -> 0.368 | I46: =TRUNC(SUM(I38:I45),2) -> 804.19 | R46: =R45*T45 -> 0.16118182
A47: Submódulo 2.3 - Benefícios Mensais e Diários | I47: VALOR (R$) | L47: TOTAL (1+2+3) | O47: =O45+O38+O31 -> 4.0241887 | Q47: coeficiente
A48: 2.3.1 | B48: MOTORISTA | L48: TOTAL MENSAL | O48: =O47*O28 -> 6197.2506
A49: A | B49: Transporte | H49: - | I49: 0 | T49: =R46 -> 0.16118182 | U49: =#REF! -> #REF!
A50: B | B50: Auxílio-Refeição/Alimentação | H50: - | I50: 350 | T50: =U49*T49 -> #REF!
A51: D | B51: Assistência Médica e Familiar | H51: - | I51: 0 | T51: =T50/12 -> #REF!
A52: E | B52: Seguro de Vida | H52: - | I52: 25 | T52: =T51*110 -> #REF!
A53: G | B53: Outros (especificar) | H53: -
A54: Total beneficios | I54: =SUM(I49:I53) -> 375
A55: Subtotal 2.3.1 | I55: =I54 -> 375
A56: TOTAL SUBMÓDULO 2.3 | I56: =I55 -> 375
A57: QUADRO-RESUMO DO MÓDULO 2 - ENCARGOS, BENEFÍCIOS ANUAIS, MENSAIS E DIÁRIOS
A58: Módulo 2 - Encargos, Benefícios Anuais, Mensais e Diários | I58: VALOR (R$)
A59: 2.1 | B59: 13º Salário, Férias e Adicional de Férias | I59: =I35 -> 355.67
A60: 2.2 | B60: GPS, FGTS e Outras Contribuições | I60: =I46 -> 804.19
A61: 2.3 | B61: Benefícios Mensais e Diários | I61: =I56 -> 375
A62: TOTAL DO MÓDULO 2 | I62: =TRUNC(SUM(I59:I61),2) -> 1534.86
A63: MÓDULO 3 – PROVISÃO PARA RESCISÃO
A64: 3 | B64: PROVISÃO PARA RESCISÃO | H64: % | I64: VALOR (R$)
A65: A | B65: Aviso Prévio Indenizado | H65: 0.02 | I65: =TRUNC(($I$30*H65),2) -> 36.59
A66: B | B66: Incidência do FGTS sobre Aviso Prévio Indenizado | H66: 0.0347 | I66: =TRUNC(($I$30*H66),2) -> 63.48
A67: C | B67: Multa do FGTS e Contribuição Social sobre o Aviso Prévio Indenizado | H67: 0.04 | I67: =TRUNC(($I$30*H67),2) -> 73.18
A68: D | B68: Aviso Prévio Trabalhado | H68: 0 | I68: =TRUNC(($I$30*H68),2) -> 0
A69: E | B69: Incidência dos encargos do submódulo 2.2 sobre Aviso Prévio Trabalhado | H69: 0.0074 | I69: =TRUNC(($I$30*H69),2) -> 13.53
A70: F | B70: Multa do FGTS e Contribuição Social sobre o Aviso Prévio Trabalhado. | H70: 0.04 | I70: =TRUNC(($I$30*H70),2) -> 73.18
A71: TOTAL DO MÓDULO 3 | H71: =SUM(H65:H70) -> 0.1421 | I71: =SUM(I65:I70) -> 259.96
A72: MÓDULO 4 – CUSTO DE REPOSIÇÃO DO PROFISSIONAL AUSENTE - BASE DE CÁLCULO | I72: =(I30+I62+I71)-I49 -> 3624.46
A73: Submódulo 4.1 - Ausências Legais | H73: % | I73: VALOR (R$)
A74: A | B74: Férias | H74: 0.08 | I74: =$H$17*H74 -> 146.3712
A75: B | B75: Ausências Legais | H75: 0.009 | I75: =$H$17*H75 -> 16.46676
A76: C | B76: Licença Paternidade | H76: 0.002 | I76: =$H$17*H76 -> 3.65928
A77: D | B77: Ausência por Acidente de Trabalho | H77: 0.003 | I77: =$H$17*H77 -> 5.48892
A78: E | B78: Afastamento Maternidade | H78: 0.006 | I78: =$H$17*H78 -> 10.97784
A79: F | B79: Outros (especificar) | H79: 0 | I79: =$I$72*H79 -> 0
A80: TOTAL SUBMÓDULO 4.1 | H80: =TRUNC(SUM(H74:H79),4) -> 0.1 | I80: =TRUNC(SUM(I74:I79),2) -> 182.96
A82: Submódulo 4.2 - Intrajornada | H82: % | I82: VALOR (R$)
A83: A | B83: Intervalo para Repouso ou Alimentação | H83: 0 | I83: =$I$30*H83 -> 0
A84: TOTAL SUBMÓDULO 4.2 | H84: =TRUNC(SUM(H83),4) -> 0 | I84: =TRUNC(SUM(I83),2) -> 0
A86: QUADRO-RESUMO DO MÓDULO 4 - CUSTO DE REPOSIÇÃO DO PROFISSIONAL AUSENTE
A87: Módulo 4 - Custo de Reposição do Profissional Ausente | I87: VALOR (R$)
A88: 4.1 | B88: Ausências Legais | I88: =I80 -> 182.96
A89: 4.2 | B89: Intrajornada | I89: =I84 -> 0
A90: TOTAL DO MÓDULO 4 | I90: =TRUNC(SUM(I88:I89),2) -> 182.96
A92: MÓDULO 5 – INSUMOS DIVERSOS
A93: 5 | B93: INSUMOS DIVERSOS | I93: VALOR (R$)
A94: A | B94: Uniformes | H94: - | I94: =N6 -> 70.9
A95: B | B95: materiais | H95: - | I95: 0
A96: C | B96: EPI'S e depreciação de veículos | H96: -
A97: D | B97: outros | H97: - | I97: 0
A98: TOTAL DO MÓDULO 5 | H98: - | I98: =TRUNC(SUM(I94:I97),2) -> 70.9
A100: QUADRO RESUMO DO CUSTO POR EMPREGADO
A101: Mão-de-Obra vinculada à execução contratual (valor por empregado) | I101: VALOR (R$)
A102: A | B102: =A20 -> MÓDULO 1 - COMPOSIÇÃO DA REMUNERAÇÃO | I102: =I30 -> 1829.64
A103: B | B103: =A31 -> MÓDULO 2 – ENCARGOS E BENEFÍCIOS ANUAIS, MENSAIS E DIÁRIOS | I103: =I62 -> 1534.86
A104: C | B104: =A63 -> MÓDULO 3 – PROVISÃO PARA RESCISÃO | I104: =I71 -> 259.96
...

Sheet Rota 04
A1: PALNILHA DE COMPOSIÇÃO DE CUSTOS ÔNIBUS | L1: MEMÓRIAS DE CÁLCULO
A2: MOTORISTAS | L2: UNIFORME - MOTORISTA
A3: Discriminação dos Serviços | L3: descrição | M3: und | N3: qutd | O3: periodicidade | P3: v. unt | Q3: v. anual | R3: custo mensal
B4: ORGÃO LICITANTE | E4: SECRETARIA MUNICIPAL DE EDUCAÇÃO | L4: Camisa | M4: un | N4: 2 | O4: anual | P4: 155 | Q4: =P4*N4 -> 310 | R4: =Q4/10 -> 31
B5: PROCESSO N° | L5: calça | M5: un | N5: 2 | O5: anual | P5: 199.5 | Q5: =P5*N5 -> 399 | R5: =Q5/10 -> 39.9
B6: LICITAÇÃO N° | L6: VALOR TOTAL MENSAL | N6: =SUM(R4:R5) -> 70.9 | O6: UNIFORMES
A7: Discriminação dos Serviços
A8: A | B8: Data de apresentação da proposta | Q8: Custo de Depreciação da Frota mensal da forta
A9: B | B9: Município | H9: Altos - PI | L9: DEPRECIAÇÃO | Q9: coeficiente
A10: C | B10: Ano do Acordo, Convenção ou Dissídio Coletivo | H10: 2026 | L10: VIDA ÚTIL | O10: 15 | Q10: J | R10: 1
A11: D | B11: Nº de meses de execução contratual | H11: 1 | I11: =11 -> 11 | L11: VALOR: | O11: 585900 | Q11: VU | R11: 10
A12: Identificação do Serviço | L12: Valor Residual | O12: =O11*0.15 -> 87885 | Q12: VR | R12: 0.15
A13: Tipo de Serviço | C13: Unidade de Medida | E13: funcioonário/mês | L13: Depreciação mensal unitária | O13: =R22 -> 8100.2928
A14: MOTORISTA | C14: UND | E14: 1 | L14: Depreciação mensal toal | O14: =O13*E14 -> 8100.2928 | Q14: VU-j | R14: 9 | S14: X | T14: 1 | U14: =R12 -> 0.15
A15: Dados para composição dos custos referentes à mão-de-obra | L15: TOTAL X QUANTIDADE DE VEICULOS | O15: =O14 -> 8100.2928 | R15: =1+2+3+4+5+6+7+8+9+10+10 -> 65 | U15: 100
A16: 1 | B16: Tipo de serviço (mesmo serviço com características distintas) | H16: Motorista
A17: 2 | B17: Salário Nominativo da Categoria Profissional Motorista CBO - 7824-10 | H17: 1829.64 | R17: =R14/R15 -> 0.13846154 | S17: X | T17: =T14-U17 -> 0.9985 | U17: =U14/U15 -> 0.0015
A18: 4 | B18: Data base da categoria (dia/mês/ano) | H18: 46054 | L18: CUSTOS COM COMBUSTÍVEIS (R$/km) | Q18: coeficiente | R18: =R17*T17 -> 0.13825385
L19: KM RODADO MENSAL | O19: ='Rotas complementares'!G5*22 -> 1760
A20: MÓDULO 1 - COMPOSIÇÃO DA REMUNERAÇÃO | L20: MEDIA DE CONSUMO DE KM/L | O20: 3 | Q20: cdf | R20: =R18 -> 0.13825385
A21: 1.1 | B21: COMPOSIÇÃO DA REMUNERAÇÃO MOTORISTA | H21: % | I21: VALOR (R$) | L21: PREÇO DO LITRO DE DIESEL | O21: 7.5 | Q21: Pvrs | R21: =O11 -> 585900
A22: A | B22: Salário Base | I22: 1829.64 | L22: COEFICIENTE DE CONSUMO | O22: =1/O20 -> 0.33333333 | Q22: Cduf | R22: =(R20*R21)/10 -> 8100.2928
A23: B | B23: Adicional Periculosidade | I23: 0 | L23: Custo de combustivel (R$/km) | O23: =O21*O22 -> 2.5
A24: C | B24: Adicional Insalubridade | I24: =H24*I22 -> 0 | L24: TOTAL | O24: =O23*O19 -> 4400
A25: D | B25: Adicional Noturno | I25: 0
A26: E | B26: Adicional de Hora Noturna Reduzida | I26: 0 | L26: MEMORIA DE CALCULO MANUTENÇÃO
A27: F | B27: Adicional de Hora Extra no Feriado Trabalhado | I27: 0 | L27: 1- ÓLEOS E LUBRIFICANTES
A28: G | B28: Outros (especificar) | I28: 0 | L28: KM RODADO | O28: =O19 -> 1760
A29: Valor Remuneração | I29: =SUM(I22:I28) -> 1829.64 | L29: COEFICIENTE DE CONSUMO | O29: 0.08
A30: TOTAL DO MÓDULO 1 | I30: =I29 -> 1829.64 | L30: PREÇO DO LITRO DE DIESEL | O30: 6.44
A31: MÓDULO 2 – ENCARGOS E BENEFÍCIOS ANUAIS, MENSAIS E DIÁRIOS | L31: Sub total | O31: =O30*O29 -> 0.5152
A32: Submódulo 2.1 - 13º Salário, Férias e Adicional de Férias | H32: % | I32: VALOR (R$) | L32: 2- RODAGEM
A33: A | B33: 13 (Décimo-terceiro) salário | H33: 0.0833 | I33: =TRUNC(($I$30*H33),2) -> 152.4 | L33: PREÇO PNEU (PN) | O33: 4950
A34: B | B34: Férias e Adicional de Férias | H34: 0.1111 | I34: =TRUNC(($I$30*H34),2) -> 203.27 | L34: QTD PNEUS (QP) | O34: 6
A35: TOTAL SUBMÓDULO 2.1 | H35: =TRUNC(SUM(H33:H34),4) -> 0.1944 | I35: =TRUNC(SUM(I33:I34),2) -> 355.67 | L35: PREÇO RECAPAGEM (PR) | O35: 789
L36: QTD RECAPAGEM (QR) | O36: 3
A37: Submódulo 2.2 - GPS, FGTS e Outras Contribuições | H37: % | I37: VALOR (R$) | L37: VIDA UTIL PNEU (VU) | O37: 125000
A38: A | B38: INSS | H38: 0.2 | I38: =($I$30+$I$35)*H38 -> 437.062 | L38: Sub total | O38: =((O33*O34)+(O35*O36*O34))/O37 -> 0.351216 | Q38: coeficiente | R38: 1
A39: B | B39: Salário Educação | H39: 0.025 | I39: =($I$30+$I$35)*H39 -> 54.63275 | L39: 3-PEÇAS | Q39: J | R39: 10
A40: C | B40: SAT (Seguro Acidente de Trabalho) = RAT X FAP | H40: 0.03 | I40: =($I$30+$I$35)*H40 -> 65.5593 | L40: KM MENSAL (QM) | O40: =O28 -> 1760 | Q40: VU | R40: 1.5
A41: D | B41: SESC ou SESI | H41: 0.015 | I41: =($I$30+$I$35)*H41 -> 32.77965 | L41: Nº VEÍCULOS (NV) | O41: =E14 -> 1 | Q41: VR
A42: E | B42: SENAI - SENAC | H42: 0.01 | I42: =($I$30+$I$35)*H42 -> 21.8531 | L42: Percurso medio (PM=QM-NV) | O42: =O40/O41 -> 1760 | R42: 9 | S42: X | T42: 1 | U42: =R40 -> 1.5
A43: F | B43: SEBRAE | H43: 0.006 | I43: =($I$30+$I$35)*H43 -> 13.11186 | L43: COEFICIENTE DE CONSUMO (CC) | O43: 0.0083 | Q43: VU-j | R43: =1+2+3+4+5+6+7+8+9+10 -> 55 | U43: 100
A44: G | B44: INCRA | H44: 0.002 | I44: =($I$30+$I$35)*H44 -> 4.37062 | L44: Preço do veículo (PV) | O44: =O11 -> 585900
A45: H | B45: FGTS | H45: 0.08 | I45: =($I$30+$I$35)*H45 -> 174.8248 | L45: Sub total | O45: =(O43*O44)/O42 -> 2.7630511 | R45: =R42/R43 -> 0.16363636 | S45: X | T45: =T42-U45 -> 0.985 | U45: =U42/U43 -> 0.015
A46: TOTAL SUBMÓDULO 2.2 | H46: =SUM(H38:H45) -> 0.368 | I46: =TRUNC(SUM(I38:I45),2) -> 804.19 | R46: =R45*T45 -> 0.16118182
A47: Submódulo 2.3 - Benefícios Mensais e Diários | I47: VALOR (R$) | L47: TOTAL (1+2+3) | O47: =O45+O38+O31 -> 3.6294671 | Q47: coeficiente
A48: 2.3.1 | B48: MOTORISTA | L48: TOTAL MENSAL | O48: =O47*O28 -> 6387.8622
A49: A | B49: Transporte | H49: - | I49: 0 | T49: =R46 -> 0.16118182 | U49: =#REF! -> #REF!
A50: B | B50: Auxílio-Refeição/Alimentação | H50: - | I50: 350 | T50: =U49*T49 -> #REF!
A51: D | B51: Assistência Médica e Familiar | H51: - | I51: 0 | T51: =T50/12 -> #REF!
A52: E | B52: Seguro de Vida | H52: - | I52: 25 | T52: =T51*110 -> #REF!
A53: G | B53: Outros (especificar) | H53: -
A54: Total beneficios | I54: =SUM(I49:I53) -> 375
A55: Subtotal 2.3.1 | I55: =I54 -> 375
A56: TOTAL SUBMÓDULO 2.3 | I56: =I55 -> 375
A57: QUADRO-RESUMO DO MÓDULO 2 - ENCARGOS, BENEFÍCIOS ANUAIS, MENSAIS E DIÁRIOS
A58: Módulo 2 - Encargos, Benefícios Anuais, Mensais e Diários | I58: VALOR (R$)
A59: 2.1 | B59: 13º Salário, Férias e Adicional de Férias | I59: =I35 -> 355.67
A60: 2.2 | B60: GPS, FGTS e Outras Contribuições | I60: =I46 -> 804.19
A61: 2.3 | B61: Benefícios Mensais e Diários | I61: =I56 -> 375
A62: TOTAL DO MÓDULO 2 | I62: =TRUNC(SUM(I59:I61),2) -> 1534.86
A63: MÓDULO 3 – PROVISÃO PARA RESCISÃO
A64: 3 | B64: PROVISÃO PARA RESCISÃO | H64: % | I64: VALOR (R$)
A65: A | B65: Aviso Prévio Indenizado | H65: 0.02 | I65: =TRUNC(($I$30*H65),2) -> 36.59
A66: B | B66: Incidência do FGTS sobre Aviso Prévio Indenizado | H66: 0.0347 | I66: =TRUNC(($I$30*H66),2) -> 63.48
A67: C | B67: Multa do FGTS e Contribuição Social sobre o Aviso Prévio Indenizado | H67: 0.04 | I67: =TRUNC(($I$30*H67),2) -> 73.18
A68: D | B68: Aviso Prévio Trabalhado | H68: 0 | I68: =TRUNC(($I$30*H68),2) -> 0
A69: E | B69: Incidência dos encargos do submódulo 2.2 sobre Aviso Prévio Trabalhado | H69: 0.0074 | I69: =TRUNC(($I$30*H69),2) -> 13.53
A70: F | B70: Multa do FGTS e Contribuição Social sobre o Aviso Prévio Trabalhado. | H70: 0.04 | I70: =TRUNC(($I$30*H70),2) -> 73.18
A71: TOTAL DO MÓDULO 3 | H71: =SUM(H65:H70) -> 0.1421 | I71: =SUM(I65:I70) -> 259.96
A72: MÓDULO 4 – CUSTO DE REPOSIÇÃO DO PROFISSIONAL AUSENTE - BASE DE CÁLCULO | I72: =(I30+I62+I71)-I49 -> 3624.46
A73: Submódulo 4.1 - Ausências Legais | H73: % | I73: VALOR (R$)
A74: A | B74: Férias | H74: 0.08 | I74: =$H$17*H74 -> 146.3712
A75: B | B75: Ausências Legais | H75: 0.009 | I75: =$H$17*H75 -> 16.46676
A76: C | B76: Licença Paternidade | H76: 0.002 | I76: =$H$17*H76 -> 3.65928
A77: D | B77: Ausência por Acidente de Trabalho | H77: 0.003 | I77: =$H$17*H77 -> 5.48892
A78: E | B78: Afastamento Maternidade | H78: 0.006 | I78: =$H$17*H78 -> 10.97784
A79: F | B79: Outros (especificar) | H79: 0 | I79: =$I$72*H79 -> 0
A80: TOTAL SUBMÓDULO 4.1 | H80: =TRUNC(SUM(H74:H79),4) -> 0.1 | I80: =TRUNC(SUM(I74:I79),2) -> 182.96
A82: Submódulo 4.2 - Intrajornada | H82: % | I82: VALOR (R$)
A83: A | B83: Intervalo para Repouso ou Alimentação | H83: 0 | I83: =$I$30*H83 -> 0
A84: TOTAL SUBMÓDULO 4.2 | H84: =TRUNC(SUM(H83),4) -> 0 | I84: =TRUNC(SUM(I83),2) -> 0
A86: QUADRO-RESUMO DO MÓDULO 4 - CUSTO DE REPOSIÇÃO DO PROFISSIONAL AUSENTE
A87: Módulo 4 - Custo de Reposição do Profissional Ausente | I87: VALOR (R$)
A88: 4.1 | B88: Ausências Legais | I88: =I80 -> 182.96
A89: 4.2 | B89: Intrajornada | I89: =I84 -> 0
A90: TOTAL DO MÓDULO 4 | I90: =TRUNC(SUM(I88:I89),2) -> 182.96
A92: MÓDULO 5 – INSUMOS DIVERSOS
A93: 5 | B93: INSUMOS DIVERSOS | I93: VALOR (R$)
A94: A | B94: Uniformes | H94: - | I94: =N6 -> 70.9
A95: B | B95: materiais | H95: - | I95: 0
A96: C | B96: EPI'S e depreciação de veículos | H96: -
A97: D | B97: outros | H97: - | I97: 0
A98: TOTAL DO MÓDULO 5 | H98: - | I98: =TRUNC(SUM(I94:I97),2) -> 70.9
A100: QUADRO RESUMO DO CUSTO POR EMPREGADO
A101: Mão-de-Obra vinculada à execução contratual (valor por empregado) | I101: VALOR (R$)
A102: A | B102: =A20 -> MÓDULO 1 - COMPOSIÇÃO DA REMUNERAÇÃO | I102: =I30 -> 1829.64
A103: B | B103: =A31 -> MÓDULO 2 – ENCARGOS E BENEFÍCIOS ANUAIS, MENSAIS E DIÁRIOS | I103: =I62 -> 1534.86
A104: C | B104: =A63 -> MÓDULO 3 – PROVISÃO PARA RESCISÃO | I104: =I71 -> 259.96
...

Sheet Rota 05 a 08
A1: PALNILHA DE COMPOSIÇÃO DE CUSTOS ÔNIBUS | L1: MEMÓRIAS DE CÁLCULO
A2: MOTORISTAS | L2: UNIFORME - MOTORISTA
A3: Discriminação dos Serviços | L3: descrição | M3: und | N3: qutd | O3: periodicidade | P3: v. unt | Q3: v. anual | R3: custo mensal
B4: ORGÃO LICITANTE | E4: SECRETARIA MUNICIPAL DE EDUCAÇÃO | L4: Camisa | M4: un | N4: 2 | O4: anual | P4: 155 | Q4: =P4*N4 -> 310 | R4: =Q4/10 -> 31
B5: PROCESSO N° | L5: calça | M5: un | N5: 2 | O5: anual | P5: 199.5 | Q5: =P5*N5 -> 399 | R5: =Q5/10 -> 39.9
B6: LICITAÇÃO N° | L6: VALOR TOTAL MENSAL | N6: =SUM(R4:R5) -> 70.9 | O6: UNIFORMES
A7: Discriminação dos Serviços
A8: A | B8: Data de apresentação da proposta | Q8: Custo de Depreciação da Frota mensal da forta
A9: B | B9: Município | H9: Altos - PI | L9: DEPRECIAÇÃO | Q9: coeficiente
A10: C | B10: Ano do Acordo, Convenção ou Dissídio Coletivo | H10: 2026 | L10: VIDA ÚTIL | O10: 15 | Q10: J | R10: 1
A11: D | B11: Nº de meses de execução contratual | H11: 1 | I11: =11 -> 11 | L11: VALOR: | O11: 585900 | Q11: VU | R11: 10
A12: Identificação do Serviço | L12: Valor Residual | O12: =O11*0.15 -> 87885 | Q12: VR | R12: 0.15
A13: Tipo de Serviço | C13: Unidade de Medida | E13: funcioonário/mês | L13: Depreciação mensal unitária | O13: =R22 -> 8100.2928
A14: MOTORISTA | C14: UND | E14: 1 | L14: Depreciação mensal toal | O14: =O13*E14 -> 8100.2928 | Q14: VU-j | R14: 9 | S14: X | T14: 1 | U14: =R12 -> 0.15
A15: Dados para composição dos custos referentes à mão-de-obra | L15: TOTAL X QUANTIDADE DE VEICULOS | O15: =O14 -> 8100.2928 | R15: =1+2+3+4+5+6+7+8+9+10+10 -> 65 | U15: 100
A16: 1 | B16: Tipo de serviço (mesmo serviço com características distintas) | H16: Motorista
A17: 2 | B17: Salário Nominativo da Categoria Profissional Motorista CBO - 7824-10 | H17: 1829.64 | R17: =R14/R15 -> 0.13846154 | S17: X | T17: =T14-U17 -> 0.9985 | U17: =U14/U15 -> 0.0015
A18: 4 | B18: Data base da categoria (dia/mês/ano) | H18: 46054 | L18: CUSTOS COM COMBUSTÍVEIS (R$/km) | Q18: coeficiente | R18: =R17*T17 -> 0.13825385
L19: KM RODADO MENSAL | O19: ='Rotas complementares'!G6*22 -> 880
A20: MÓDULO 1 - COMPOSIÇÃO DA REMUNERAÇÃO | L20: MEDIA DE CONSUMO DE KM/L | O20: 3 | Q20: cdf | R20: =R18 -> 0.13825385
A21: 1.1 | B21: COMPOSIÇÃO DA REMUNERAÇÃO MOTORISTA | H21: % | I21: VALOR (R$) | L21: PREÇO DO LITRO DE DIESEL | O21: 7.5 | Q21: Pvrs | R21: =O11 -> 585900
A22: A | B22: Salário Base | I22: 1829.64 | L22: COEFICIENTE DE CONSUMO | O22: =1/O20 -> 0.33333333 | Q22: Cduf | R22: =(R20*R21)/10 -> 8100.2928
A23: B | B23: Adicional Periculosidade | I23: 0 | L23: Custo de combustivel (R$/km) | O23: =O21*O22 -> 2.5
A24: C | B24: Adicional Insalubridade | I24: =H24*I22 -> 0 | L24: TOTAL | O24: =O23*O19 -> 2200
A25: D | B25: Adicional Noturno | I25: 0
A26: E | B26: Adicional de Hora Noturna Reduzida | I26: 0 | L26: MEMORIA DE CALCULO MANUTENÇÃO
A27: F | B27: Adicional de Hora Extra no Feriado Trabalhado | I27: 0 | L27: 1- ÓLEOS E LUBRIFICANTES
A28: G | B28: Outros (especificar) | I28: 0 | L28: KM RODADO | O28: =O19 -> 880
A29: Valor Remuneração | I29: =SUM(I22:I28) -> 1829.64 | L29: COEFICIENTE DE CONSUMO | O29: 0.08
A30: TOTAL DO MÓDULO 1 | I30: =I29 -> 1829.64 | L30: PREÇO DO LITRO DE DIESEL | O30: 6.44
A31: MÓDULO 2 – ENCARGOS E BENEFÍCIOS ANUAIS, MENSAIS E DIÁRIOS | L31: Sub total | O31: =O30*O29 -> 0.5152
A32: Submódulo 2.1 - 13º Salário, Férias e Adicional de Férias | H32: % | I32: VALOR (R$) | L32: 2- RODAGEM
A33: A | B33: 13 (Décimo-terceiro) salário | H33: 0.0833 | I33: =TRUNC(($I$30*H33),2) -> 152.4 | L33: PREÇO PNEU (PN) | O33: 4950
A34: B | B34: Férias e Adicional de Férias | H34: 0.1111 | I34: =TRUNC(($I$30*H34),2) -> 203.27 | L34: QTD PNEUS (QP) | O34: 6
A35: TOTAL SUBMÓDULO 2.1 | H35: =TRUNC(SUM(H33:H34),4) -> 0.1944 | I35: =TRUNC(SUM(I33:I34),2) -> 355.67 | L35: PREÇO RECAPAGEM (PR) | O35: 789
L36: QTD RECAPAGEM (QR) | O36: 3
A37: Submódulo 2.2 - GPS, FGTS e Outras Contribuições | H37: % | I37: VALOR (R$) | L37: VIDA UTIL PNEU (VU) | O37: 125000
A38: A | B38: INSS | H38: 0.2 | I38: =($I$30+$I$35)*H38 -> 437.062 | L38: Sub total | O38: =((O33*O34)+(O35*O36*O34))/O37 -> 0.351216 | Q38: coeficiente | R38: 1
A39: B | B39: Salário Educação | H39: 0.025 | I39: =($I$30+$I$35)*H39 -> 54.63275 | L39: 3-PEÇAS | Q39: J | R39: 10
A40: C | B40: SAT (Seguro Acidente de Trabalho) = RAT X FAP | H40: 0.03 | I40: =($I$30+$I$35)*H40 -> 65.5593 | L40: KM MENSAL (QM) | O40: =O28 -> 880 | Q40: VU | R40: 1.5
A41: D | B41: SESC ou SESI | H41: 0.015 | I41: =($I$30+$I$35)*H41 -> 32.77965 | L41: Nº VEÍCULOS (NV) | O41: =E14 -> 1 | Q41: VR
A42: E | B42: SENAI - SENAC | H42: 0.01 | I42: =($I$30+$I$35)*H42 -> 21.8531 | L42: Percurso medio (PM=QM-NV) | O42: =O40/O41 -> 880 | R42: 9 | S42: X | T42: 1 | U42: =R40 -> 1.5
A43: F | B43: SEBRAE | H43: 0.006 | I43: =($I$30+$I$35)*H43 -> 13.11186 | L43: COEFICIENTE DE CONSUMO (CC) | O43: 0.0083 | Q43: VU-j | R43: =1+2+3+4+5+6+7+8+9+10 -> 55 | U43: 100
A44: G | B44: INCRA | H44: 0.002 | I44: =($I$30+$I$35)*H44 -> 4.37062 | L44: Preço do veículo (PV) | O44: =O11 -> 585900
A45: H | B45: FGTS | H45: 0.08 | I45: =($I$30+$I$35)*H45 -> 174.8248 | L45: Sub total | O45: =(O43*O44)/O42 -> 5.5261023 | R45: =R42/R43 -> 0.16363636 | S45: X | T45: =T42-U45 -> 0.985 | U45: =U42/U43 -> 0.015
A46: TOTAL SUBMÓDULO 2.2 | H46: =SUM(H38:H45) -> 0.368 | I46: =TRUNC(SUM(I38:I45),2) -> 804.19 | R46: =R45*T45 -> 0.16118182
A47: Submódulo 2.3 - Benefícios Mensais e Diários | I47: VALOR (R$) | L47: TOTAL (1+2+3) | O47: =O45+O38+O31 -> 6.3925183 | Q47: coeficiente
A48: 2.3.1 | B48: MOTORISTA | L48: TOTAL MENSAL | O48: =O47*O28 -> 5625.4161
A49: A | B49: Transporte | H49: - | I49: 0 | T49: =R46 -> 0.16118182 | U49: =#REF! -> #REF!
A50: B | B50: Auxílio-Refeição/Alimentação | H50: - | I50: 350 | T50: =U49*T49 -> #REF!
A51: D | B51: Assistência Médica e Familiar | H51: - | I51: 0 | T51: =T50/12 -> #REF!
A52: E | B52: Seguro de Vida | H52: - | I52: 25 | T52: =T51*110 -> #REF!
A53: G | B53: Outros (especificar) | H53: -
A54: Total beneficios | I54: =SUM(I49:I53) -> 375
A55: Subtotal 2.3.1 | I55: =I54 -> 375
A56: TOTAL SUBMÓDULO 2.3 | I56: =I55 -> 375
A57: QUADRO-RESUMO DO MÓDULO 2 - ENCARGOS, BENEFÍCIOS ANUAIS, MENSAIS E DIÁRIOS
A58: Módulo 2 - Encargos, Benefícios Anuais, Mensais e Diários | I58: VALOR (R$)
A59: 2.1 | B59: 13º Salário, Férias e Adicional de Férias | I59: =I35 -> 355.67
A60: 2.2 | B60: GPS, FGTS e Outras Contribuições | I60: =I46 -> 804.19
A61: 2.3 | B61: Benefícios Mensais e Diários | I61: =I56 -> 375
A62: TOTAL DO MÓDULO 2 | I62: =TRUNC(SUM(I59:I61),2) -> 1534.86
A63: MÓDULO 3 – PROVISÃO PARA RESCISÃO
A64: 3 | B64: PROVISÃO PARA RESCISÃO | H64: % | I64: VALOR (R$)
A65: A | B65: Aviso Prévio Indenizado | H65: 0.02 | I65: =TRUNC(($I$30*H65),2) -> 36.59
A66: B | B66: Incidência do FGTS sobre Aviso Prévio Indenizado | H66: 0.0347 | I66: =TRUNC(($I$30*H66),2) -> 63.48
A67: C | B67: Multa do FGTS e Contribuição Social sobre o Aviso Prévio Indenizado | H67: 0.04 | I67: =TRUNC(($I$30*H67),2) -> 73.18
A68: D | B68: Aviso Prévio Trabalhado | H68: 0 | I68: =TRUNC(($I$30*H68),2) -> 0
A69: E | B69: Incidência dos encargos do submódulo 2.2 sobre Aviso Prévio Trabalhado | H69: 0.0074 | I69: =TRUNC(($I$30*H69),2) -> 13.53
A70: F | B70: Multa do FGTS e Contribuição Social sobre o Aviso Prévio Trabalhado. | H70: 0.04 | I70: =TRUNC(($I$30*H70),2) -> 73.18
A71: TOTAL DO MÓDULO 3 | H71: =SUM(H65:H70) -> 0.1421 | I71: =SUM(I65:I70) -> 259.96
A72: MÓDULO 4 – CUSTO DE REPOSIÇÃO DO PROFISSIONAL AUSENTE - BASE DE CÁLCULO | I72: =(I30+I62+I71)-I49 -> 3624.46
A73: Submódulo 4.1 - Ausências Legais | H73: % | I73: VALOR (R$)
A74: A | B74: Férias | H74: 0.08 | I74: =$H$17*H74 -> 146.3712
A75: B | B75: Ausências Legais | H75: 0.009 | I75: =$H$17*H75 -> 16.46676
A76: C | B76: Licença Paternidade | H76: 0.002 | I76: =$H$17*H76 -> 3.65928
A77: D | B77: Ausência por Acidente de Trabalho | H77: 0.003 | I77: =$H$17*H77 -> 5.48892
A78: E | B78: Afastamento Maternidade | H78: 0.006 | I78: =$H$17*H78 -> 10.97784
A79: F | B79: Outros (especificar) | H79: 0 | I79: =$I$72*H79 -> 0
A80: TOTAL SUBMÓDULO 4.1 | H80: =TRUNC(SUM(H74:H79),4) -> 0.1 | I80: =TRUNC(SUM(I74:I79),2) -> 182.96
A82: Submódulo 4.2 - Intrajornada | H82: % | I82: VALOR (R$)
A83: A | B83: Intervalo para Repouso ou Alimentação | H83: 0 | I83: =$I$30*H83 -> 0
A84: TOTAL SUBMÓDULO 4.2 | H84: =TRUNC(SUM(H83),4) -> 0 | I84: =TRUNC(SUM(I83),2) -> 0
A86: QUADRO-RESUMO DO MÓDULO 4 - CUSTO DE REPOSIÇÃO DO PROFISSIONAL AUSENTE
A87: Módulo 4 - Custo de Reposição do Profissional Ausente | I87: VALOR (R$)
A88: 4.1 | B88: Ausências Legais | I88: =I80 -> 182.96
A89: 4.2 | B89: Intrajornada | I89: =I84 -> 0
A90: TOTAL DO MÓDULO 4 | I90: =TRUNC(SUM(I88:I89),2) -> 182.96
A92: MÓDULO 5 – INSUMOS DIVERSOS
A93: 5 | B93: INSUMOS DIVERSOS | I93: VALOR (R$)
A94: A | B94: Uniformes | H94: - | I94: =N6 -> 70.9
A95: B | B95: materiais | H95: - | I95: 0
A96: C | B96: EPI'S e depreciação de veículos | H96: -
A97: D | B97: outros | H97: - | I97: 0
A98: TOTAL DO MÓDULO 5 | H98: - | I98: =TRUNC(SUM(I94:I97),2) -> 70.9
A100: QUADRO RESUMO DO CUSTO POR EMPREGADO
A101: Mão-de-Obra vinculada à execução contratual (valor por empregado) | I101: VALOR (R$)
A102: A | B102: =A20 -> MÓDULO 1 - COMPOSIÇÃO DA REMUNERAÇÃO | I102: =I30 -> 1829.64
A103: B | B103: =A31 -> MÓDULO 2 – ENCARGOS E BENEFÍCIOS ANUAIS, MENSAIS E DIÁRIOS | I103: =I62 -> 1534.86
A104: C | B104: =A63 -> MÓDULO 3 – PROVISÃO PARA RESCISÃO | I104: =I71 -> 259.96
...
